 Dungeon Crawl Stone Soup version 0.31.0-9-g3a7656b989 (webtiles) character file.

Game seed: 10813136131965773145

257801 fly the Imperceptible (level 20, -2/129 HPs)
             Began as a Kobold Delver on Jan 26, 2024.
             Was a Follower of Uskayaw.
             Slain by a +4 mace of holy wrath (15 damage)
             ... animated by Zenata
             ... on level 1 of the Elven Halls.
             The game lasted 01:27:37 (38443 turns).

fly the Imperceptible (Kobold Delver)              Turns: 38443, Time: 01:27:38

Health: -2/129     AC: 22    Str: 10    XL:     20   Next: 65%
Magic:  22/32      EV: 32    Int: 10    God:    Uskayaw [*.....]
Gold:   3244       SH: 22    Dex: 32    Spells: 19/19 levels left

rFire   . . .        a - +3 dagger of Slime {vamp, Int+3 Dex+4}
rCold   + . .        v - +1 kite shield {AC+3}
rNeg    + . .        y - +2 ring mail "Xiridex" {Rampage}
rPois   .            e - +1 hat "Osilihoo" {rCorr Dex+4 Slay+3 Stlth+}
rElec   +            q - scarf {repulsion}
rCorr   +            r - +2 pair of gloves {Stlth+}
SInv    .            o - +2 pair of boots
Will    +....        B - amulet of reflection Stlth **++++++++
                     C - ring "Nisehen" {Ice rElec rN+ rCorr Int-5}
HPRegen 0.41/turn    u - +4 ring of protection
MPRegen 0.23/turn

%: repel missiles, reflection, rampage
@: no status effects
A: small, no large weapons, nightstalker 3, hooves 1, fire resistance 1,
inability to read after injury 1
}: 2/15 runes: decaying, serpentine
a: Renounce Religion, Stomp


You were on level 1 of the Elven Halls.
You worshipped Uskayaw.
Uskayaw was most pleased with you.
You visited 8 branches of the dungeon, and saw 37 of its levels.
You also visited: Sewer and Gauntlet.

You collected 3690 gold pieces.
You spent 446 gold pieces at shops.

Inventory:

Hand Weapons
 a - the +3 dagger of Slime (weapon) {vamp, Int+3 Dex+4}
   (You found it on level 8 of the Dungeon)

   Int+3:     It affects your intelligence (+3).
   Dex+4:     It affects your dexterity (+4).
 b - a +1 dagger of venom
 d - a +4 scimitar of flaming
Missiles
 l - 16 curare-tipped darts
 I - 38 poisoned darts (quivered)
Armour
 e - the +1 hat "Osilihoo" (worn) {rCorr Dex+4 Slay+3 Stlth+}
   (You found it in a Gauntlet)

   Dex+4:     It affects your dexterity (+4).
   Slay+3:    It affects your accuracy & damage with ranged weapons and melee
   (+3).
   rCorr:     It protects you from acid and corrosion.
   Stlth+:    It makes you more stealthy.
 o - a +2 pair of boots (worn)
 q - a scarf of repulsion (worn)
 r - a +2 pair of gloves of stealth (worn)
 v - a +1 kite shield of protection (worn)
 y - the +2 ring mail "Xiridex" (worn) {Rampage}
   (You found it on level 5 of the Lair of Beasts)

   Rampage:   It bestows one free step when moving towards enemies.
Jewellery
 m - a ring of protection from fire
 n - a ring of flight
 u - a +4 ring of protection (right hand)
 A - a ring of willpower
 B - an amulet of reflection (around neck)
 C - the ring "Nisehen" (left hand) {Ice rElec rN+ rCorr Int-5}
   (You took it off a minotaur in a Gauntlet)

   [ring of ice]

   Ice:       It enhances your ice magic.
   Int-5:     It affects your intelligence (-5).
   rF-:       It makes you vulnerable to fire.
   rC+:       It protects you from cold.
   rElec:     It insulates you from electricity.
   rN+:       It protects you from negative energy.
   rCorr:     It protects you from acid and corrosion.
 Y - a ring of protection from cold
Wands
 g - a wand of digging (23)
 w - a wand of mindburst (11)
 D - a wand of charming (30)
 E - a wand of acid (3)
 J - a wand of polymorph (22)
 L - a wand of roots (22)
 U - a wand of flame (37)
Scrolls
 c - a scroll of amnesia
 f - 3 scrolls of teleportation
 h - a scroll of torment
 k - a scroll of summoning
 p - 4 scrolls of fear
 x - 4 scrolls of immolation
 F - 5 scrolls of fog
 G - 6 scrolls of vulnerability
 K - a scroll of silence
 N - 4 scrolls of blinking
 P - a scroll of enchant armour
 R - 4 scrolls of revelation
 T - 4 scrolls of poison
Potions
 i - 3 potions of heal wounds
 j - 2 potions of enlightenment
 s - 9 potions of curing
 t - 4 potions of resistance
 z - 6 potions of lignification
 H - 5 potions of might
 S - 2 potions of invisibility
 V - a potion of haste
 W - 2 potions of cancellation
 X - 2 potions of magic
 Z - 2 potions of berserk rage
Miscellaneous
 M - a tin of tremorstones (1/2)
 O - a sack of spiders (inert)
 Q - a phial of floods


   Skills:
 - Level 15.0 Fighting
 - Level 14.0 Short Blades
 - Level 6.0 Armour
 + Level 19.5 Dodging
 + Level 23.2 Stealth
 + Level 11.4 Shields
 + Level 17.1 Invocations


You had 19 spell levels left.
You didn't know any spells.
Your spell library contained the following spells:

 Spells                   Type           Power      Damage    Failure   Level
 Freeze                   Ice            0%         1d3       93%         1
 Slow                     Hex            0%         N/A       93%         1
 Blink                    Tloc           0%         N/A       98%         2
 Lesser Beckoning         Tloc           0%         N/A       98%         2
 Momentum Strike          Conj/Tloc      0%         3d8       98%         2
 Confusing Touch          Hex            0%         N/A       100%        3
 Frozen Ramparts          Ice            0%         1d1       100%        3
 Fugue of the Fallen      Necr           0%         N/A       100%        3
 Gell's Gravitas          Tloc           0%         N/A       100%        3
 Hailstorm                Conj/Ice       0%         3d5       100%        3
 Ozocubu's Armour         Ice            0%         N/A       100%        3
 Sigil of Binding         Hex            0%         N/A       100%        3
 Teleport Other           Tloc           0%         N/A       100%        3
 Vampiric Draining        Necr           0%         2d6       100%        3
 Leda's Liquefaction      Alch/Erth      0%         N/A       100%        4
 Manifold Assault         Tloc           0%         N/A       100%        4
 Petrify                  Alch/Erth      0%         N/A       100%        4
 Vhi's Electric Charge    Tloc/Air       0%         N/A       100%        4
 Arcjolt                  Conj/Air       0%         1d10      100%        5
 Lee's Rapid Deconstruct  Erth           0%         3d4*      100%        5
 Summon Forest            Summ/Tloc      0%         N/A       100%        5
 Summon Mana Viper        Hex/Summ       0%         N/A       100%        5
 Bombard                  Conj/Erth      0%         9d1       100%        6
 Eringya's Noxious Bog    Alch           0%         4d6       100%        6
 Plasma Beam              Fire/Air       0%         2x1d10    100%        6
 Summon Cactus Giant      Summ           0%         N/A       100%        6
 Shatter                  Erth           0%         3d5*      100%        9


Dungeon Overview and Level Annotations

Branches:
Dungeon (15/15)            Temple (1/1) D:6            Lair (5/5) D:8
  Swamp (4/4) Lair:2        Snake (4/4) Lair:3        Slime (5/5) Lair:5
    Orc (2/2) D:11            Elf (1/3) Orc:2        Vaults (0/5) D:13
 Depths (0/4) D:15          Sewer (visited)         Gauntlet (visited)

Altars:
Ashenzari
Cheibriados
Dithmenos
Elyvilon
Fedhas
Gozag
Hepliaklqana
Kikubaaqudgha
Makhleb
Nemelex Xobeh
Okawaru
Qazlal
Ru
Sif Muna
Trog
Uskayaw
Vehumet
Wu Jian
Xom
Yredelemnul
Zin
The Shining One
Jiyva

Shops:
D:2 (   D:11 ?   Orc:2 ?*?(   Snake:1 (   Snake:3 :==   Snake:4 :[(

Portals:
Abyss: Snake:3
Trove: D:13 (give 4 potions of resistance)

Annotations:
Snake:3 1 transporter, Jannitor's ghost, journeyman DEGl
Elf:1 Zenata


Innate Abilities, Weirdness & Mutations

You are small and have problems with some larger weapons.
You are completely attuned to the shadows.
You have large cloven feet.
Your flesh is heat resistant. (rF+)
You occasionally lose the ability to read scrolls when taking damage.


Message History

Unknown command.
Okay, then.
Press: ? - help, v - describe, . - travel
Here: a +2 halberd of distortion (summoned, fast)
The floor.
Unknown command.
Okay, then.
Press: ? - help, v - describe, . - travel
Here: Zenata, wielding a +2 bardiche and wearing a +0 leather armour (almost dead, covered in acid)
The floor.
Unknown command.
Aiming: Corrosive Bolt
Press: ? - help, Shift-Dir - straight line The bolt of acid misses Zenata.
You block the +2 halberd of distortion's attack.
You block the +1 heavy glaive's attack.
You block the +1 antimagic halberd's attack.
The +2 halberd of distortion hits you but does no damage.
You blink.
The +1 long sword of freezing completely misses you.
The +1 antimagic halberd hits you from afar.
* * * LOW HITPOINT WARNING * * *
Zenata completely misses you.
Aiming: Corrosive Bolt
Press: ? - help, Shift-Dir - straight line, f - +2 glaive of protection
Aim: a +2 glaive of protection (summoned, fast, 46% to hit)
The bolt of acid hits the +1 long sword of freezing!
The +1 long sword of freezing is heavily damaged.
The bolt of acid hits Zenata!
Zenata is almost dead.
The bolt of acid hits the +2 glaive of protection but does no damage.
The +1 long sword of freezing hits you but does no damage.
You block the +1 heavy glaive's attack.
You block the +1 antimagic halberd's attack.
You block the +2 halberd of distortion's attack.
The +1 long sword of freezing closely misses you.
The +1 antimagic halberd hits you but does no damage.
The +1 heavy glaive barely misses you. Zenata closely misses you.
The +4 mace of holy wrath hits you!
You die...

####### ###
#.....# #..
##..§.@## +..
#.!.(.((# ...
#...(a((# ...
#.......#
##....
##...§.##
##+#..
#.....'##
##.##.
###+###.##
#...## ##.## #.
#..#
##.#####..###..


You could see Zenata (corroded) and 6 dancing weapons.

Vanquished Creatures
  Vashnia (Snake:4)
  Rupert (Lair:5)
  5 acid blobs
  2 nagarajas (Snake:4)
  3 azure jellies
  4 rockslimes
  7 quicksilver oozes
  2 ghouls (Swamp:2)
  An ironbound preserver (D:13)
  3 formless jellyfish (Slime:4)
  The ghost of Ytheofip the Cleaver, a journeyman FoFi of Okawaru (D:14)
  A stone giant (D:15)
  A minotaur (Gauntlet)
  A deep elf annihilator (Elf:1)
  5 eleionomae
  4 bunyips
  An entropy weaver (D:13)
  2 fire dragons (Swamp:4)
  A great orb of eyes (Slime:3)
  Erolcha (D:10)
  2 salamander tyrants (Snake:4)
  2 ogre magi
  2 alligators
  10 anacondas
  6 boulder beetles
  A catoblepas (Lair:5)
  11 hydras
  4 dancing weapons (Elf:1)
  12 two-headed ogres
  12 death yaks
  A tengu warrior (D:14)
  2 death scarabs (Gauntlet)
  3 orc high priests
  18 naga sharpshooters
  13 naga warriors
  A spriggan berserker (Swamp:3)
  An occultist (D:15)
  11 shock serpents
  A hell knight (D:15)
  A soul eater (Gauntlet)
  Amaemon (Lair:2)
  Nergalle (D:11)
  2 deep elf knights (Elf:1)
  2 spectral death yaks (Gauntlet)
  3 skeletal warriors (D:15)
  4 goliath frogs
  11 salamander mystics
  A deep elf archer (Elf:1)
  An arcanist (D:15)
  7 swamp dragons
  9 bog bodies
  2 sea snakes (Snake:2)
  3 spriggan druids
  4 deep elf zephyrmancers (Elf:1)
  11 mana vipers
  2 lindwurms
  8 naga ritualists
  7 deep elf pyromancers
  2 necromancers
  A wolf spider (D:15)
  2 oklob plants (D:8)
  6 cyclopes
  4 orc sorcerers (Orc:2)
  20 salamanders
  7 ugly things
  3 manticores
  6 shining eyes
  6 will-o-the-wisps
  19 elephants
  9 meliai
  30 black mambas
  15 naga magi
  3 guardian serpents
  A gargoyle (D:12)
  2 torpor snails (Lair:1)
  An eye of devastation (Slime:1)
  16 cane toads
  An orange demon (Lair:2)
  2 rime drakes
  A kobold demonologist (D:9)
  An efreet (D:13)
  3 freezing wraiths
  3 tengu conjurers
  3 trolls
  6 komodo dragons
  2 bloated husks
  2 tarantellas (Lair:3)
  4 polar bears
  7 hornets
  A polar bear (shapeshifter) (D:15)
  2 glass eyes (Slime:4)
  Grinder (D:3)
  13 tyrant leeches
  11 dream sheep
  167 slime creatures
  2 jumping spiders (Lair:3)
  5 spriggans
  2 water elementals (Elf:1)
  2 wraiths
  2 wyverns
  4 fire elementals (Elf:1)
  A fire bat (shapeshifter) (D:13)
  A human (D:11)
  A steam dragon (D:8)
  36 yaks
  4 fire bats (Swamp:4)
  11 vampire mosquitoes
  5 wargs
  16 golden eyes
  A redback (Lair:3)
  2 basilisks
  A spectral cane toad (Gauntlet)
  18 swamp worms
  47 nagas
  11 water moccasins
  2 ice beasts (D:6)
  13 orc warriors
  11 swamp drakes (Swamp:4)
  5 black bears
  15 wolves
  2 sky beasts (D:7)
  3 centaurs
  8 ogres
  2 phantoms
  9 bullfrogs
  7 kobold brigands
  A gnoll sergeant (D:13)
  2 brain worms (Sewer)
  A necrophage (Swamp:2)
  A scorpion (D:6)
  3 wights (D:8)
  The ghost of ongoing the Trooper, a weakling HOFi (D:3)
  9 killer bees (D:8)
  4 howler monkeys (D:11)
  7 electric eels
  4 jellies (Lair:5)
  A bombardier beetle (D:6)
  2 lava snakes
  21 orc priests
  3 hounds
  3 gnoll boudas
  A sleepcap (D:6)
  Terence (D:3)
  5 iguanas
  50 orc wizards
  2 hell rats (D:8)
  19 gnolls
  7 adders
  11 river rats
  3 shadow imps (Gauntlet)
  A white imp (D:7)
  2 ufetubi (D:6)
  A ribbon worm (D:3)
  4 dart slugs
  70 orcs
  5 endoplasms
  6 giant cockroaches
  7 goblins
  8 hobgoblins
  4 jackals (Sewer)
  6 quokkas
  7 ball pythons
  3 bats
  4 frilled lizards
  26 kobolds
  13 rats
1201 creatures vanquished.

Vanquished Creatures (collateral kills)
  A dire elephant (Lair:5)
  A deep troll shaman (Lair:5)
  An ugly thing (D:15)
3 creatures vanquished.

Vanquished Creatures (others)
  A meliai (shapeshifter) (D:15)
  A bloated husk (Swamp:2)
  A swamp drake (Swamp:4)
  2 orc wizards (Orc:2)
  14 foxfires (Swamp:4)
  A lurking horror (Snake:3)
20 creatures vanquished.

Grand Total: 1224 creatures vanquished

Notes
Turn   | Place    | Note
-------+----------+-------------------------------------------
     0 | D:5      | fly the Kobold Delver began the quest for the Orb.
     0 | D:5      | Reached XP level 1. HP: 14/14 MP: 1/1
    55 | D:5      | Noticed an orc wizard
    59 | D:5      | Reached XP level 2. HP: 19/19 MP: 2/2
    63 | D:5      | Reached skill level 7 in Stealth
    63 | D:5      | Reached XP level 3. HP: 24/24 MP: 3/3
    75 | D:5      | Reached XP level 4. HP: 29/29 MP: 4/4
   111 | D:5      | Noticed a phantom
   116 | D:5      | Noticed an ogre
   274 | D:4      | Noticed a phantom
   357 | D:3      | Noticed Grinder
   364 | D:3      | Killed Grinder
   365 | D:3      | Reached XP level 5. HP: 24/34 MP: 5/5
   365 | D:3      | Reached XP level 6. HP: 27/39 MP: 6/6
   421 | D:3      | Found a snail-covered altar of Cheibriados.
   423 | D:3      | Found a burning altar of Makhleb.
   509 | D:3      | Found a runed translucent door.
   515 | D:3      | Noticed ongoing's ghost (weakling HOFi)
   575 | D:3      | Noticed Terence
   579 | D:3      | Killed Terence
   580 | D:3      | Reached skill level 8 in Stealth
   669 | D:3      | Found a glowing drain.
   732 | Sewer    | Entered a sewer
  1148 | Sewer    | Gained mutation: Your magical capacity is low. (-10% MP)
                  | [potion of mutation]
  1148 | Sewer    | Gained mutation: Your natural rate of healing is unusually
                  | fast. [potion of mutation]
  1148 | Sewer    | Gained mutation: You expend magic power (3 MP) to
                  | strengthen your wands. [potion of mutation]
  1295 | Sewer    | Reached skill level 5 in Fighting
  1295 | Sewer    | Reached skill level 5 in Short Blades
  1295 | Sewer    | Reached XP level 7. HP: 44/44 MP: 6/6
  1508 | Sewer    | Reached skill level 5 in Dodging
  1798 | Sewer    | Reached XP level 8. HP: 49/50 MP: 7/7
  2747 | D:2      | Found Dezeoduule's Antique Weapon Shop.
  2994 | D:2      | Reached skill level 9 in Stealth
  3200 | D:3      | Found a sacrificial altar of Ru.
  3570 | D:3      | Killed ongoing's ghost
  4861 | D:5      | Reached skill level 1 in Invocations
  4961 | D:5      | Reached XP level 9. HP: 51/56 MP: 7/9
  5148 | D:5      | Identified the ring of Feofarigie {*Corrode rElec rN+ Dex+2
                  | Slay+2}
  5203 | D:6      | Reached skill level 10 in Stealth
  5355 | D:6      | Found a staircase to the Ecumenical Temple.
  5362 | Temple   | Entered the Ecumenical Temple
  5375 | Temple   | Became a worshipper of Uskayaw the Reveller
  5422 | D:6      | Reached * piety under Uskayaw
  5429 | D:6      | Reached ** piety under Uskayaw
  5435 | D:6      | Reached *** piety under Uskayaw
  5437 | D:6      | Reached **** piety under Uskayaw
  5499 | D:6      | Found an iron altar of Okawaru.
  5499 | D:6      | Found a glowing silver altar of Zin.
  5871 | D:7      | Noticed a hornet
  5875 | D:7      | Killed a hornet
  6076 | D:7      | Found a basalt altar of Yredelemnul.
  6241 | D:7      | Noticed a hornet
  6245 | D:7      | Killed a hornet
  6246 | D:7      | Reached skill level 11 in Stealth
  6246 | D:7      | Reached XP level 10. HP: 64/64 MP: 11/11
  6578 | D:8      | Identified the +3 dagger of Slime {vamp, Int+3 Dex+4}
  6628 | D:8      | Reached ***** piety under Uskayaw
  6734 | D:8      | Noticed a death yak
  6737 | D:8      | Found a staircase to the Lair.
  6739 | D:8      | Killed a death yak
  6744 | D:8      | Noticed a death yak
  6766 | D:8      | Killed a death yak
  6767 | D:8      | Reached skill level 5 in Invocations
  6767 | D:8      | Noticed a death yak
  6781 | D:8      | Killed a death yak
  6782 | D:8      | Reached skill level 12 in Stealth
  6839 | D:8      | Reached XP level 11. HP: 69/69 MP: 6/13
  6915 | D:8      | Noticed an oklob plant
  6921 | D:8      | Killed an oklob plant
  6922 | D:8      | Reached skill level 10 in Short Blades
  6923 | D:8      | Noticed an oklob plant
  6952 | D:8      | Killed an oklob plant
  7487 | D:8      | Found a blossoming altar of Fedhas.
  7588 | D:8      | Found a stormy altar of Qazlal.
  8251 | D:9      | Reached skill level 13 in Stealth
  8813 | D:9      | Reached skill level 10 in Dodging
  9254 | D:10     | Entered Level 10 of the Dungeon
  9299 | D:10     | Noticed a two-headed ogre
  9318 | D:10     | Killed a two-headed ogre
  9427 | D:10     | Noticed a two-headed ogre
  9466 | D:10     | Killed a two-headed ogre
  9634 | D:10     | Found a bloodstained altar of Trog.
  9638 | D:10     | Found a shimmering blue altar of Sif Muna.
  9646 | D:10     | Noticed Erolcha
  9654 | D:10     | Killed Erolcha
 10058 | D:10     | Reached XP level 12. HP: 67/76 MP: 16/16
 10278 | D:10     | Found a shadowy altar of Dithmenos.
 10640 | D:10     | Reached skill level 14 in Stealth
 10757 | D:11     | Found Litranka's Magic Scroll Shoppe.
 10762 | D:11     | Bought a scroll of blinking for 90 gold pieces
 10762 | D:11     | Bought a scroll of noise for 12 gold pieces
 10841 | D:11     | Found a staircase to the Orcish Mines.
 11387 | D:11     | Noticed Nergalle
 11391 | D:11     | Killed Nergalle
 11920 | D:12     | Noticed a boulder beetle
 11954 | D:12     | Killed a boulder beetle
 12214 | D:13     | Reached skill level 15 in Stealth
 12438 | D:13     | Noticed an entropy weaver
 12439 | D:13     | Found a gate to the Vaults.
 12439 | D:13     | Noticed an ironbound preserver
 12442 | D:13     | Killed an entropy weaver
 12443 | D:13     | Reached XP level 13. HP: 80/80 MP: 18/18
 12444 | D:13     | Killed an ironbound preserver
 12459 | D:13     | Identified the +0 ring mail of Lies {rN++ Int+2 Dex-3}
 12463 | D:13     | Identified the -2 helmet "Omefem" {Rampage rElec Str-5}
 12539 | D:13     | Reached skill level 1 in Armour
 12539 | D:13     | Reached skill level 1 in Shields
 12705 | D:13     | Found a portal to a secret trove of treasure.
 12992 | D:14     | Noticed an ogre mage
 13163 | D:14     | Killed an ogre mage
 13165 | D:14     | Reached skill level 10 in Invocations
 13613 | D:14     | Found a runed translucent gate.
 13613 | D:14     | Found a runed translucent gate.
 13613 | D:14     | Found a runed translucent gate.
 13678 | D:14     | Reached skill level 10 in Fighting
 13678 | D:14     | Reached skill level 16 in Stealth
 13998 | D:14     | Noticed Ytheofip's ghost (journeyman FoFi)
 14003 | D:14     | Killed Ytheofip's ghost
 14049 | D:15     | Entered Level 15 of the Dungeon
 14053 | D:15     | Reached XP level 14. HP: 88/88 MP: 19/19
 14212 | D:15     | Found a staircase to the Depths.
 14212 | D:15     | Noticed a stone giant
 14217 | D:15     | Killed a stone giant
 14278 | D:15     | Paralysed by a hornet for 2 turns
 14919 | D:15     | Reached skill level 17 in Stealth
 15536 | Lair:1   | Entered Level 1 of the Lair of Beasts
 15867 | Lair:1   | Reached skill level 5 in Shields
 15944 | Lair:1   | Reached XP level 15. HP: 95/95 MP: 21/21
 17048 | Lair:2   | Noticed Amaemon
 17051 | Lair:2   | Killed Amaemon
 17199 | Lair:2   | Found a staircase to the Swamp.
 18024 | Lair:3   | Found a gate leading to a gauntlet.
 18033 | Gauntlet | Entered a Gauntlet
 18041 | Gauntlet | Found a transporter.
 18041 | Gauntlet | Found a transporter.
 18055 | Gauntlet | Found the +3 pair of mountain boots {steadfast, rC+}
 18062 | Gauntlet | Found a transporter.
 18062 | Gauntlet | Found a transporter.
 18081 | Gauntlet | Found a transporter.
 18165 | Gauntlet | Found a transporter.
 18193 | Gauntlet | Found a transporter.
 18193 | Gauntlet | Found a transporter.
 18208 | Gauntlet | Found a transporter.
 18208 | Gauntlet | Found a transporter.
 18226 | Gauntlet | Found a transporter.
 18271 | Gauntlet | Found a transporter.
 18482 | Gauntlet | Identified the +1 hat "Osilihoo" {rCorr Dex+4 Slay+3
                  | Stlth+}
 18588 | Gauntlet | Reached skill level 18 in Stealth
 18695 | Gauntlet | Identified the ring "Nisehen" {Ice rElec rN+ rCorr Int-5}
 18709 | Gauntlet | Identified the +0 short sword "Teezuer" {freeze, Int+2}
 18710 | Gauntlet | Got Sif Muna's Almanac of Volcanic Toxicants
 19562 | Lair:3   | Found a staircase to the Snake Pit.
 19793 | Lair:3   | Found a runed translucent door.
 19811 | Lair:3   | Found a runed translucent gate.
 19811 | Lair:3   | Found a runed translucent gate.
 19811 | Lair:3   | Found a runed translucent gate.
 19813 | Lair:3   | Found a runed translucent gate.
 19813 | Lair:3   | Found a runed translucent gate.
 19813 | Lair:3   | Found a runed translucent gate.
 20919 | Lair:5   | Entered Level 5 of the Lair of Beasts
 20920 | Lair:5   | Found a viscous altar of Jiyva.
 20926 | Lair:5   | Found a staircase to the Slime Pits.
 20960 | Lair:5   | Reached skill level 15 in Dodging
 21236 | Lair:5   | Reached XP level 16. HP: 103/103 MP: 23/23
 21661 | Lair:5   | Noticed Rupert
 21672 | Lair:5   | Killed Rupert
 21710 | Lair:5   | Identified the +2 ring mail "Xiridex" {Rampage}
 21943 | Lair:5   | Identified the +4 mace "Ecsila" {drain, MP+9 Str+3 Int-3}
 22393 | Orc:1    | Entered Level 1 of the Orcish Mines
 22798 | Orc:2    | Entered Level 2 of the Orcish Mines
 22805 | Orc:2    | Reached skill level 19 in Stealth
 23065 | Orc:2    | Found a staircase to the Elven Halls.
 23587 | Orc:2    | Found Fots's Magic Scroll Shoppe.
 23588 | Orc:2    | Found Askat's Magic Scroll Emporium.
 23590 | Orc:2    | Found Bomaofy's Weapon Shoppe.
 23590 | Orc:2    | Found Cutucateb's General Store.
 23593 | Orc:2    | Bought a scroll of summoning for 152 gold pieces
 23595 | Orc:2    | Bought a scroll of teleportation for 48 gold pieces
 23596 | Orc:2    | Bought a scroll of teleportation for 48 gold pieces
 23596 | Orc:2    | Bought a scroll of teleportation for 48 gold pieces
 23596 | Orc:2    | Bought a scroll of teleportation for 48 gold pieces
 24016 | Snake:1  | Entered Level 1 of the Snake Pit
 24321 | Snake:1  | Found Ussirun's Antique Weapon Emporium.
 24589 | Snake:1  | Reached XP level 17. HP: 109/109 MP: 21/24
 25500 | Snake:2  | Identified the +1 rapier of the Sharing Pariah {freeze,
                  | Int+7}
 26150 | Snake:2  | Reached skill level 20 in Stealth
 26734 | Snake:3  | Found Lontuerph's Jewellery Boutique.
 26734 | Snake:3  | Found Wyifywk's Jewellery Boutique.
 26735 | Snake:3  | Found Vaduch's Book Emporium.
 26778 | Snake:3  | Found a one-way gate to the infinite horrors of the Abyss.
 26778 | Snake:3  | Noticed Jannitor's ghost (journeyman DEGl)
 26787 | Snake:3  | Noticed a Hell Sentinel
 26952 | Snake:3  | Reached skill level 5 in Armour
 27035 | Snake:3  | Found a transporter.
 27055 | Snake:3  | Found a transporter.
 27753 | Snake:4  | Entered Level 4 of the Snake Pit
 27763 | Snake:4  | Reached XP level 18. HP: 116/116 MP: 25/25
 27778 | Snake:4  | Found Ischah's Book Shoppe.
 27779 | Snake:4  | Found Cukh's Armour Emporium.
 27780 | Snake:4  | Found Imywuuju's Weapon Shoppe.
 28419 | Snake:4  | Reached ****** piety under Uskayaw
 28657 | Snake:4  | HP: 4/117 [salamander mystic/+0 quarterstaff (28)]
 28730 | Snake:4  | Noticed Vashnia
 28733 | Snake:4  | Killed Vashnia
 28734 | Snake:4  | Reached skill level 15 in Invocations
 28754 | Snake:4  | Reached skill level 21 in Stealth
 28791 | Snake:4  | Got a serpentine rune of Zot
 29540 | Swamp:1  | Entered Level 1 of the Swamp
 30471 | Swamp:2  | Reached skill level 15 in Fighting
 30770 | Swamp:2  | Reached XP level 19. HP: 113/124 MP: 19/27
 31080 | Swamp:3  | Identified the +0 plate armour of the Desert {Dex+3}
 31634 | Swamp:4  | Entered Level 4 of the Swamp
 31739 | Swamp:4  | HP: 2/124 [will-o-the-wisp/foxfire (18)]
 31742 | Swamp:4  | Reached skill level 10 in Shields
 32160 | Swamp:4  | Got a decaying rune of Zot
 33071 | Slime:1  | Entered Level 1 of the Pits of Slime
 33087 | Slime:1  | Reached skill level 22 in Stealth
 33499 | Slime:1  | Found a viscous altar of Jiyva.
 35162 | Slime:3  | Reached XP level 20. HP: 129/129 MP: 28/28
 35598 | Slime:3  | Gained mutation: You occasionally lose the ability to drink
                  | potions when taking damage. [a shining eye]
 35608 | Slime:3  | Lost mutation: Your natural rate of healing is unusually
                  | fast. [a shining eye]
 36219 | Slime:4  | Gained mutation: You are dopey. (Int -2) [a shining eye]
 36220 | Slime:4  | Gained mutation: You occasionally shout uncontrollably at
                  | your foes. [a shining eye]
 36295 | Slime:4  | Paralysed by a formless jellyfish for 1 turns
 36302 | Slime:4  | Paralysed by a formless jellyfish for 1 turns
 36311 | Slime:4  | Paralysed by a formless jellyfish for 1 turns
 36712 | Slime:4  | Reached skill level 23 in Stealth
 37129 | Slime:5  | Entered Level 5 of the Pits of Slime
 37226 | Slime:5  | Gained mutation: You occasionally lose the ability to read
                  | scrolls when taking damage. [a shining eye]
 37509 | D:15     | Lost mutation: You occasionally shout uncontrollably at
                  | your foes. [potion of mutation]
 37509 | D:15     | Lost mutation: You expend magic power (3 MP) to strengthen
                  | your wands. [potion of mutation]
 37509 | D:15     | Lost mutation: You are dopey. (Int -2) [potion of mutation]
 37509 | D:15     | Gained mutation: Your muscles are strong. (Str +4, Int/Dex
                  | -1) [potion of mutation]
 37510 | D:15     | Lost mutation: Your muscles are strong. (Str +4, Int/Dex
                  | -1) [potion of mutation]
 37510 | D:15     | Lost mutation: You occasionally lose the ability to drink
                  | potions when taking damage. [potion of mutation]
 37510 | D:15     | Lost mutation: Your magical capacity is low. (-10% MP)
                  | [potion of mutation]
 37510 | D:15     | Gained mutation: Your flesh is heat resistant. (rF+)
                  | [potion of mutation]
 37510 | D:15     | Gained mutation: You have large cloven feet. [potion of
                  | mutation]
 37637 | Elf:1    | Entered Level 1 of the Elven Halls
 38395 | Elf:1    | Identified the +3 quarterstaff of Mens Rea {flame, +Blink
                  | Will+ Int+4 Dex+2}
 38425 | Elf:1    | Noticed Zenata
 38443 | Elf:1    | Slain by a +4 mace of holy wrath

Illustrated notes

Levels and vault maps discovered:
D:1:      nzn_arrival_crosshair, layout_rooms, serial_bayou_crossing
D:2:      layout_rooms, serial_shops, nicolae_shop_tiny_statue_garden
D:3:      layout_loops_cross, lemuel_crystal_altar,
          chequers_temple_overflow_statue_of_worship, portal_sewer_entry_c,
          ebering_ghost_reflecting_pool, uniq_grinder, uniq_terence
D:4:      layout_basic, hangedman_minor_gate_pass
D:5:      layout_basic, chequers_serial_rivers_micro_c
D:6:      layout_rooms, gammafunk_temple_overflow_wave,
          minmay_temple_entry_offerings
D:7:      layout_basic, yredelemnul_altar_generic
D:8:      layout_basic, grunt_temple_overflow_forces_of_nature,
          dpeg_lair_monsters, fungi_pond_lemuel, disabler_island
D:9:      layout_layer_cave, nrook_uturn
D:10:     layout_basic, hellmonk_overflow_destroyed_library,
          mainiacjoe_overflow_small_starburst, kennysheep_nondescript,
          uniq_erolcha
D:11:     layout_roguey, erik_orc_4, serial_shops, shop,
          kennysheep_windowed_goal, uniq_nergalle
D:12:     layout_roguey
D:13:     layout_roguey, hellmonk_vaults_order_and_chaos,
          nicolae_trove_entry_isolated
D:14:     layout_loops_ring, ebering_ghost_rock_garden, nicolae_twisting_strands
D:15:     hangedman_depths_entry_civil_slaughter, layout_cave_pools,
          chequers_serial_rivers_room_b, minmay_checkerbox
Temple:   nicolae_temple_ecumenical_triangle
Lair:1:   layout_regular_city, pdpol_lair_cavern_descent
Lair:2:   hellmonk_ruined_rings, layout_regular_city, minmay_swamp_entry_swarm,
          grunt_forest_large_clearing_hut, uniq_amaemon
Lair:3:   gammafunk_indiana_jones, layout_long_grid, nicolae_snake_entry_squirm,
          gauntlet_entry_generic
Lair:4:   layout_layer_cave
Lair:5:   grunt_lair_end_beastmaster, layout_cave_shapes,
          nicolae_slime_entry_field_trip, uniq_rupert
Swamp:1:  layout_basic_swamp, nicolae_swamp_some_circles,
          nicolae_swamp_decorative_isthmus
Swamp:2:  layout_basic_swamp, evilmike_swamp_ruin_house_5
Swamp:3:  layout_basic_swamp, hangedman_swamp_lotus
Swamp:4:  swamp_fiery, layout_basic_swamp
Snake:1:  layout_onion, serial_shops, nicolae_shop_waterfront
Snake:2:  layout_chambers, serial_bayou_shore_a
Snake:3:  layout_gridlike, gammafunk_ghost_abyssal_escape, grunt_megastairs_4,
          minmay_shop_grove
Snake:4:  johnstein_snake_rune_scales, layout_misc_corridors, minmay_shop_star,
          lemuel_fruit_tree, uniq_vashnia
Slime:1:  layout_caves, basic_altar, cheibrodos_slime_lost_civilization_7
Slime:2:  layout_caves
Slime:3:  layout_caves, nicolae_slime_crime_time
Slime:4:  layout_caves
Slime:5:  slime_pit_nicolae_block_by_block
Orc:1:    layout_caves, nicolae_orc_tapped_out
Orc:2:    st_orc_mages, layout_caves
Elf:1:    nicolae_elf_arrival_fired_up, layout_geoelf_diagonals,
          nicolae_elf_crossing_hall, uniq_asterion, uniq_zenata

Skill      XL: |  1  2  3  4  5  6  7  8  9 10 11 12 13 14 15 16 17 18 19 20 |
---------------+-------------------------------------------------------------+-----
Short Blades   | 3 4 5 7 8 9 11 13 14 | 14.0
Dodging        | 3 4 5 6 7 9 10 12 14 15 16 17 18 19 | 19.5
Stealth        | 7 8 9 11 12 13 15 16 17 18 19 20 21 22 23 | 23.2
Fighting       | 4 5 6 7 8 9 10 11 12 13 14 15 | 15.0
Invocations    | 1 4 5 7 9 10 11 12 13 14 15 16 17 | 17.1
Armour         | 3 5 6 |  6.0
Shields        | 3 5 6 7 8 9 10 11 | 11.4

Action                     |  1- 3 |  4- 6 |  7- 9 | 10-12 | 13-15 | 16-18 | 19-21 || total
---------------------------+-------+-------+-------+-------+-------+-------+-------++-------
  Melee: Short sword       |     5 |       |       |       |       |       |       ||     5
         Dagger            |     1 |   268 |   729 |   470 |   887 |  1039 |   710 ||  4104
         Punch             |       |     2 |    10 |    10 |       |       |       ||    22
         Trident           |       |       |       |     2 |       |       |       ||     2
         Rapier            |       |       |       |       |    67 |       |       ||    67
         Demon whip        |       |       |       |       |     8 |       |       ||     8
         Scimitar          |       |       |       |       |       |       |    10 ||    10
  Throw: Dart              |       |       |    19 |     3 |       |       |       ||    22
 Invoke: Stomp             |       |       |     4 |    18 |    71 |   105 |    93 ||   291
         Line Pass         |       |       |       |    13 |    12 |    10 |     9 ||    44
         Grand Finale      |       |       |       |       |       |       |     2 ||     2
  Evoke: Wand              |       |       |       |       |     5 |     1 |     7 ||    13
         Phial of floods   |       |       |       |       |     2 |       |       ||     2
         Sack of spiders   |       |       |       |       |     1 |     1 |     1 ||     3
         Tin of tremorston |       |       |       |       |       |       |     1 ||     1
    Use: Potion            |       |     7 |       |       |     1 |     1 |    12 ||    21
         Scroll            |       |     2 |    10 |     4 |     8 |     9 |     5 ||    38
   Stab: Sleeping          |     6 |     7 |    37 |    51 |    66 |   121 |   108 ||   396
         Distracted        |       |     1 |     4 |     4 |    19 |    23 |    11 ||    62
         Paralysed         |       |       |     5 |    13 |    23 |    33 |    41 ||   115
         Confused          |       |       |       |     7 |     9 |    14 |     7 ||    37
         Invisible         |       |       |       |       |     2 |       |       ||     2
         Petrified         |       |       |       |       |       |     3 |       ||     3
         Held in net/web   |       |       |       |       |       |       |     1 ||     1
 Armour: Leather armour    |       |    99 |   161 |    56 |       |       |       ||   316
         Troll leather arm |       |       |       |    36 |   308 |    32 |       ||   376
         Ring mail         |       |       |       |       |       |   175 |   201 ||   376
  Dodge: Dodged            |       |   136 |   325 |   277 |   585 |   448 |   545 ||  2316
         Repelled          |       |       |     3 |     2 |     4 |    13 |     3 ||    25
  Block: Buckler           |       |       |       |     3 |    26 |       |       ||    29
         Kite shield       |       |       |       |       |   544 |   835 |   629 ||  2008
         Reflection        |       |       |       |       |       |    51 |     6 ||    57
